[Event "Early-Titled-Tuesday-Blitz-February-13-2024"]
[Site "Chess.com"]
[Date "2024.02.13"]
[Round "4"]
[White "itsdsyr"]
[Black "Chandradi"]
[Result "1/2-1/2"]
[WhiteElo "2316"]
[BlackElo "2513"]
[TimeControl "180+1"]
[EndTime "8:45:06 PST"]
[Termination "Game drawn by 50-move rule"]

1. e4 c5 2. Nf3 g6 3. d4 cxd4 4. Nxd4 Nc6 5. c4 Nf6 6. Nc3 Nxd4 7. Qxd4 d6 8. Be2 Bg7 9. Be3 O-O 10. Qd2 a5 11. O-O a4 12. f3 Qa5 13. a3 Be6 14. Rfd1 Rfc8 15. Nd5 Qxd2 16. Rxd2 Bxd5 17. exd5 Nd7 18. f4 Nc5 19. Bxc5 Rxc5 20. Re1 Kf8 21. Kf2 Ra6 22. Rc1 Rb6 23. Rcc2 h5 24. g3 Rb3 25.
h4 Ra5 26. Kg2 Ra8 27. Kf2 Bf6 28. Kg2 Ke8 29. Kf2 Ra5 30. Kg2 Kd8 31. Kf2 Kc7 32. Kg2 Kb6 33. Kf2 Kc5 34. Bd3 Ra6 35. Be2 Rab6 36.
Bd1 Bd4+ 37. Kg2 f6 38. Re2 Rxb2 39. Rxb2 Rxb2 40. Rxb2 Bxb2 41. Bxa4 Kxc4 42. Be8 g5 43. Bxh5 gxh4 44. gxh4 Kxd5 45. Bf3+ Ke6 46. Bxb7 Bxa3 47. Kf3 Kf7 48. f5 Kg7 49. Kg4 Kh6 50. Bd5 Bb2 51. Be6 Bc1 52. Bd5 Kg7 53. Be6 Kf8 54. Bd7 Kf7 55. Be6+ Kf8 56. Kh5 Kg7 57. Kg4 Bd2 58. Bd5 Kf8 59. Be6 Ke8 60. Kh5 Be1 61. Kg6 Bxh4 62.
Bd5 Be1 63. Kg7 Ba5 64. Kg6 Kd7 65. Kf7 Bd8 66. Kf8 Kc8 67. Ke8 Kc7 68. Be4 d5 69.
Bxd5 Kd6 70. Be6 Bc7 71. Kf7 Ba5 72. Kf8 Bb4 73. Kf7 Ke5 74. Kf8 Bd6 75. Kf7 Kf4 76. Kf8 Kg5 77. Kf7 Kh6 78. Kf8 Kh7 79. Kf7 Kh6 80. Kf8 Kg5 81. Kf7 Kf4 82. Kf8 Kg3 83. Kf7 Kh2 84. Kf8 Kg1 85. Kf7 Kf1 86. Kf8 Ke1 87. Kf7 Kd1 88. Kf8 Kc1 89. Kf7 Kb2 90. Kf8 Ka3 91. Kf7 Kb4 92. Kf8 Ka5 93. Kf7 Kb6 94. Kf8 Kc7 95. Kf7 Bc5 96. Kf8 Kd6 97. Kf7 Bd4 98. Kf8 Be3 99. Kf7 Bh6 100.
Ke8 Bg7 101. Kf7 Bh6 102. Kg6 Bg5 103. Kf7 Bf4 104. Kg6 Be5 105. Kf7 Bd4 106. Kg6 Bc3 107. Kf7 Bb2 108. Ke8 Ba1 109. Kf7 Bb2 110. Kg6 Ba3 111. Kf7 Bb4 112. Kg6 Bc5 113. Kf7 Bb4 114. Kg6 Ke5 115. Kf7 Kf4 116. Kg6 Kg4 117. Kf7 Kg5 118. Ke8 Kh6 119. Kd7 1/2-1/2

[Event "Early-Titled-Tuesday-Blitz-February-13-2024"]
[Site "Chess.com"]
[Date "2024.02.13"]
[Round "4"]
[White "GaiozNigalidze"]
[Black "ural58"]
[Result "1/2-1/2"]
[WhiteElo "2700"]
[BlackElo "2510"]
[TimeControl "180+1"]
[EndTime "8:45:26 PST"]
[Termination "Game drawn - insufficient material"]

1. e4 d5 2. exd5 Qxd5 3. Nc3 Qa5 4. d4 Nf6 5. Nf3 Nc6 6. h3 Ne4 7. d5 Nxc3 8. bxc3 Nd8 9. Bd2 e6 10. c4 Bb4 11. Be2 Bxd2+ 12. Qxd2 Qxd2+ 13. Kxd2 c6 14. Rhe1 O-O 15. d6 c5 16. Ne5 f6 17. Nd3 b6 18. Bf3 Bb7 19. Bxb7 Nxb7 20. Rxe6 Rad8 21. Re7 Rf7 22. Kc3 Nxd6 23. Rxf7 Kxf7 24. a4 Ne4+ 25.
Kb2 Rd4 26. a5 Rxc4 27. axb6 axb6 28. Ra7+ Kg6 29. Rb7 Rd4 30. Rxb6 c4 31. Nf4+ Kf5 32. Ne6 c3+ 33. Kb3 Rd1 34. g4+ Kg6 35. Rc6 Rb1+ 36.
Kc4 Nxf2 37. Rc7 Nxh3 38. Rxg7+ Kh6 39. Rf7 Rf1 40. Kxc3 Ng5 41. Nd4 Kg6 42. Rd7 Rf4 43.
Nf5 Rxg4 44. Ne7+ Kh5 45. Kd3 Nf3 46. Rd6 Kg5 47. Nd5 Ne5+ 48. Ke2 Re4+ 49. Kf1 Ng4 50. c3 h5 51. Rd8 Re5 52. c4 h4 53. Kg2 Ne3+ 54. Nxe3 Rxe3 55. c5 Rc3 56. Rd5+ f5 57.
Rd4 f4 58. Rd8 Rxc5 59. Rg8+ Kf5 60. Kh3 Ke4 61. Kxh4 f3 62. Re8+ Kf4 63. Rf8+ Ke3 64. Kg3 Rg5+ 65. Kh2 Rg6 66. Ra8 f2 67. Ra3+ Ke4 68.
Ra4+ Kd3 69. Ra3+ Kc4 70. Ra4+ Kd5 71. Ra5+ Ke4 72. Ra4+ Kf3 73. Ra3+ Kg4 74. Kg2 Kh4+ 75. Kxf2 Kg5 76. Kf3 Kh6 77. Ke2 Rg2+ 78. Kf3 Rg5 79.
Ra6+ Rg6 80. Ra7 Rf6+ 81. Kg4 Rg6+ 82. Kh4 Rb6 83. Rc7 Rb4+ 84. Kg3 Rb3+ 85. Kg4 Rb4+ 86.
Kf5 Rb5+ 87. Ke4 Rb4+ 88. Kd3 Rb6 89. Kc4 Rg6 90. Kd5 Kh5 91. Rh7+ Kg5 92. Re7 Rf6 93.
Ke5 Rf5+ 94. Ke4 Rf4+ 95. Ke3 Rf6 96. Re5+ Rf5 97. Rxf5+ Kxf5 1/2-1/2

[Event "Early-Titled-Tuesday-Blitz-February-13-2024"]
[Site "Chess.com"]
[Date "2024.02.13"]
[Round "4"]
[White "vishwa_vijeta"]
[Black "DonkyDonkyDonkey"]
[Result "1/2-1/2"]
[WhiteElo "2622"]
[BlackElo "2934"]
[TimeControl "180+1"]
[EndTime "8:45:49 PST"]
[Termination "Game drawn - insufficient material"]

1. e4 e5 2. Nf3 d5 3. exd5 e4 4.
Qe2 Nf6 5. Nc3 Be7 6. Nxe4 O-O 7. d3 Nxd5 8. Qd1 f5 9. Nc3 Bb4 10. Bd2 Re8+ 11. Be2 Bxc3 12. bxc3 Qe7 13. c4 Nf6 14. Be3 Nc6 15. g3 Ng4 16. O-O f4 17. gxf4 Nxe3 18. fxe3 Qxe3+ 19. Rf2 Qxf4 20. Qd2 Qd6 21. Kh1 Bg4 22.
Rg1 Rxe2 23. Qxe2 Nd4 24. Qe3 Bxf3+ 25. Rxf3 Nxf3 26. Qxf3 c6 27. Qg2 Qe7 28. Rf1 Re8 29. Qf3 h6 30. Qg4 Qe2 31. Qf5 Re5 32. Qf7+ Kh7 33.
Rg1 Rg5 34. Rxg5 hxg5 35. Kg1 Kh6 36. Qxb7 Qd1+ 37. Kg2 Qxc2+ 38. Kg1 Qd1+ 39. Kg2 Qd2+ 40. Kg1 Qd1+ 41. Kg2 Qxd3 42. Qxc6+ g6 43. Qc8 Qe2+ 44. Kg1 g4 45. c5 Qd1+ 46. Kg2 Qf3+ 47. Kg1 g3 48.
Qh3+ Kg7 49. Qxg3 Qd1+ 50. Kg2 Qd5+ 51. Qf3 Qxc5 52. Qb7+ Kh6 53. Qb3 a5 54. Qh3+ Kg7 55. Qd7+ Kg8 56. Qe8+ Kh7 57. Qd7+ Kh6 58. Qh3+ Kg5 59.
Qg3+ Kf6 60. Qf4+ Ke7 61. Qe4+ Kf7 62. Qf4+ Kg7 63. Qa4 Qd5+ 64. Kg1 g5 65. Qc2 Kf6 66. Qc3+ Kg6 67. Qc2+ Kh6 68. Qf2 Qd1+ 69. Kg2 Qd5+ 70.
Kg1 Qe5 71. Qb6+ Kh5 72. Qb3 Kh4 73. Kg2 Qe2+ 74. Kg1 Qe1+ 75. Kg2 Qd2+ 76. Kg1 Qd4+ 77. Kg2 Qe4+ 78. Kg1 g4 79. Qg3+ Kg5 80. Qa3 Qb1+ 81. Kg2 Qc2+ 82. Kg1 Qd1+ 83. Kg2 Qe2+ 84. Kg1 Qe5 85.
Qc1+ Kh4 86. Qh6+ Qh5 87. Qf6+ Qg5 88. Qh8+ Qh5 89. Qf6+ Qg5 90. Qxg5+ Kxg5 91. a4 Kf5 92. Kf2 Kf4 93. Kg2 Kf5 94. Kg3 Kg5 95. Kg2 Kh4 96.
Kf2 Kh3 97. Kg1 g3 98. hxg3 Kxg3 99. Kf1 Kf3 100. Ke1 Ke3 101. Kd1 Kd3 102. Kc1 Kc3 103. Kb1 Kb3 104. Ka1 Kxa4 105. Ka2 Kb4 106. Ka1 Ka3 107. Kb1 Kb3 108. Ka1 Ka3 109. Kb1 Ka4 110. Ka1 Kb4 111. Kb1 Kc3 112. Ka1 Kc2 113. Ka2 Kc3 114. Ka3 a4 115. Kxa4 1/2-1/2

[Event "Early-Titled-Tuesday-Blitz-February-13-2024"]
[Site "Chess.com"]
[Date "2024.02.13"]
[Round "4"]
[White "temiksmozg"]
[Black "mbojan"]
[Result "1/2-1/2"]
[WhiteElo "2610"]
[BlackElo "2863"]
[TimeControl "180+1"]
[EndTime "8:45:54 PST"]
[Termination "Game drawn by repetition"]

1. e4 a6 2. d4 e6 3. Nf3 d5 4.
Bd3 dxe4 5. Bxe4 Nf6 6. Bg5 Be7 7. Bd3 Nbd7 8. O-O c5 9. c3 O-O 10. Nbd2 b5 11. a4 b4 12. Qe2 Bb7 13. Nc4 bxc3 14.
bxc3 cxd4 15. cxd4 Rc8 16. Nfe5 Nd5 17. Bd2 Nxe5 18. Nxe5 Nf6 19. Bxa6 Bxa6 20. Qxa6 Qxd4 21. Nf3 Qg4 22. h3 Qf5 23. a5 Nd5 24. Qe2 Bf6 25.
Ra2 Rc2 26. Rxc2 Qxc2 27. Qb5 Qa2 28. Rc1 h6 29. Qb7 Kh7 30. Qb1+ Qxb1 31. Rxb1 Ra8 32. Rb7 Kg8 33. g4 Nc3 34. g5 hxg5 35. Nxg5 Bxg5 36. Bxc3 Bd8 37. a6 Rxa6 38. Rb8 f6 39. Rxd8+ Kf7 40. Rd7+ Kg6 41. Bd2 Rc6 42. Be3 Rc8 43. Kg2 Rc6 44.
Kf3 Rc4 45. Kg3 Ra4 46. Bf4 Ra5 47. Bd6 Rd5 48. Rd8 Kf7 49. Bc7 Rc5 50. Bb6 Rc6 51. Rd7+ Kg6 52. Bd8 Rc3+ 53. f3 Rc1 54. Be7 Rc8 55.
Rd8 Rc7 56. Bf8 Kf7 57. Bd6 Rc2 58. h4 Kg6 59. Rd7 Rd2 60. Rd8 Rd5 61. Bc7 Rc5 62.
Bf4 Kf7 63. Rd7+ Kg6 64. h5+ Rxh5 65. Be3 Re5 66. Kf2 Rf5 67. Kg3 Rb5 68. Kf2 e5 69. Kg3 Rb4 70. Kf2 Rb5 71. Kg3 Rb4 72. Kf2 Rb3 73. Bd2 Rb2 74. Kg3 Rb8 75. Be3 Rc8 76. Bb6 Rc6 77. Bc7 Rc3 78. Kg2 Kh6 79. Bd6 Rd3 80.
Rd8 Kg6 81. Be7 Rb3 82. Rd7 Kf7 83. Bd6+ Kg8 84. Rd8+ Kh7 85. Rd7 Kg8 86. Rd8+ Kf7 87. Rf8+ Ke6 88. Bb8 Rb2+ 89. Kg3 Ke7 90. Rg8 Kf7 91.
Rc8 g5 92. Ba7 Rb7 93. Be3 Ke6 94. Rc6+ Kf5 95. Rc3 Rb4 96. Ra3 Rc4 97. Rb3 Rc6 98. Ra3 Rc4 99. Rb3 Rc6 100. Ra3 Rd6 101. Rb3 Ra6 102.
Rc3 Ra4 103. Rb3 Rc4 104. Ra3 Rb4 105. Rc3 Rb7 106. Ra3 Rd7 107. Rb3 Rd6 108. Ra3 Rd5 109. Rb3 Rd1 110. Ra3 Rf1 111. Kg2 Rb1 112. Rc3 Rb2+ 113. Kg3 Rb4 114. Ra3 Rc4 1/2-1/2

[Event "Early-Titled-Tuesday-Blitz-February-13-2024"]
[Site "Chess.com"]
[Date "2024.02.13"]
[Round "4"]
[White "Mops_2004"]
[Black "ChessLover0108"]
[Result "1/2-1/2"]
[WhiteElo "2856"]
[BlackElo "3001"]
[TimeControl "180+1"]
[EndTime "8:46:32 PST"]
[Termination "Game drawn by 50-move rule"]

1. g3 c5 2. Bg2 Nc6 3. Nf3 g6 4. c4 Bg7 5. Nc3 e6 6. h4 h6 7. a3 Nge7 8. b4 cxb4 9. axb4 Nxb4 10. Ba3 Nec6 11. O-O O-O 12. d4 d5 13. Qb3 a5 14.
e3 dxc4 15. Qxc4 b6 16. Qb3 Ba6 17. Rfc1 Rc8 18. Ne1 Re8 19. Na2 Nd5 20. Rc2 b5 21.
Bf1 Qb6 22. Bc5 Qb7 23. Rac1 b4 24. Bxa6 Qxa6 25. Qa4 Red8 26. Nf3 Rb8 27. Nd2 Qb5 28.
Qxb5 Rxb5 29. Rb2 a4 30. e4 Nc7 31. Bxb4 Nxb4 32. Rxb4 Rxb4 33. Nxb4 Rxd4 34. Rxc7 Rxb4 35. Rc8+ Kh7 36. Ra8 Bc3 37. Nf3 Rxe4 38. Kg2 Kg7 39. Rc8 Bb2 40. Ra8 Rb4 41. Ne1 Bc3 42. Nd3 Rc4 43.
h5 gxh5 44. Nf4 h4 45. Nh5+ Kg6 46. Nf4+ Kf6 47. Kf3 hxg3 48. fxg3 Bb2 49. Nh5+ Ke7 50. Nf4 a3 51. Ra7+ Kf6 52. Nh5+ Ke5 53. Nf4 Rc3+ 54.
Kg4 f5+ 55. Kh3 Rc2 56. Ra6 Ke4 57. Nxe6 Kf3 58. Ra4 Ke2 59. Nf4+ Kd2 60. Kh4 Bf6+ 61. Kh5 a2 62. Nd5 a1=Q 63. Rxa1 Bxa1 64. Kxh6 Be5 65. Kg6 Bxg3 66. Kxf5 Bf2 67. Ke4 Rc4+ 68. Ke5 Rc5 69. Kd6 Ra5 70. Nf6 Bg3+ 71. Ke6 Ke3 72. Nd5+ Kd4 73.
Nf6 Bh4 74. Nd7 Ra6+ 75. Kf7 Kd5 76. Nf8 Ke5 77. Ng6+ Kd5 78. Nxh4 Ke4 79. Ng6 Rb6 80. Ne7 Ke5 81. Ng6+ Kd6 82. Kf6 Ra6 83. Kf5 Ra4 84.
Nf4 Ra5+ 85. Kf6 Ra1 86. Kf5 Re1 87. Ng6 Rf1+ 88. Ke4 Re1+ 89. Kf5 Rg1 90. Nf4 Rf1 91. Ke4 Rf2 92. Nd3 Rf8 93. Nf4 Re8+ 94. Kf5 Re5+ 95. Kf6 Rb5 96. Ng6 Kd5 97. Kf5 Kd4+ 98. Kf4 Rb8 99. Kf5 Rb5+ 100. Kf4 Ra5 101. Nh4 Ra1 102. Nf5+ Kd5 103. Ne3+ Kd4 104. Nf5+ Kd3 105. Ke5 Ra5+ 106. Ke6 Ke4 107. Nd6+ Kf4 108. Nc4 Rc5 109. Nd6 Re5+ 110. Kd7 Re1 111. Nb5 Ke5 112. Kc6 Rc1+ 113. Kb6 Rc2 114. Nc7 Kd6 115. Nb5+ Kd7 116. Na3 Ra2 117. Nb5 Rc2 118. Na3 Rc1 119. Kb5 Rc3 120. Nc4 Rc1 121. Kc5 Kc7 122. Kd5 Rh1 123. Ne5 Rh5 124. Ke6 Rh6+ 125. Kf5 Rh8 126. Nf7 Rf8 127. Ke6 Re8+ 128. Kf6 1/2-1/2

[Event "Early-Titled-Tuesday-Blitz-February-13-2024"]
[Site "Chess.com"]
[Date "2024.02.13"]
[Round "5"]
[White "starworld123"]
[Black "Kostya0705"]
[Result "1-0"]
[WhiteElo "2836"]
[BlackElo "2616"]
[TimeControl "180+1"]
[EndTime "8:55:36 PST"]
[Termination "starworld123 won by checkmate"]

1. Nf3 Nf6 2. b3 e6 3. Bb2 b5 4. e3 a6 5. c4 bxc4 6. Bxc4 Bb7 7. O-O Be7 8. d4 O-O 9. Qe2 c5 10. dxc5 Bxc5 11. Nc3 d5 12. Bd3 Nc6 13. Rac1 Qe7 14.
Bb1 e5 15. Nxd5 Nxd5 16. Qc2 e4 17. Qxe4 Nf6 18. Bxf6 Qxf6 19. Qxh7# 1-0

[Event "Early-Titled-Tuesday-Blitz-February-13-2024"]
[Site "Chess.com"]
[Date "2024.02.13"]
[Round "5"]
[White "ajeale2"]
[Black "jero888"]
[Result "1-0"]
[WhiteElo "2470"]
[BlackElo "2267"]
[TimeControl "180+1"]
[EndTime "8:55:36 PST"]
[Termination "ajeale2 won by resignation"]

1. c4 c5 2. Nf3 g6 3. g3 Bg7 4. Bg2 Nc6 5. Nc3 d6 6. O-O e6 7.
Rb1 Nge7 8. a3 O-O 9. b4 Rb8 10. b5 Nd4 11. e3 Nxf3+ 12. Bxf3 d5 13. d4 cxd4 14. exd4 dxc4 15. Bf4 Bd7 16. Bxb8 Qxb8 17. Ne4 Nd5 18. Qe2 b6 19. Rfc1 Bxd4 20. Rxc4 1-0

[Event "Early-Titled-Tuesday-Blitz-February-13-2024"]
[Site "Chess.com"]
[Date "2024.02.13"]
[Round "5"]
[White "kakarot_001"]
[Black "WhiteKnight2612"]
[Result "0-1"]
[WhiteElo "2646"]
[BlackElo "2874"]
[TimeControl "180+1"]
[EndTime "8:55:53 PST"]
[Termination "WhiteKnight2612 won by resignation"]

1. Nf3 Nf6 2. b3 g6 3. Bb2 Bg7 4. c4 O-O 5. e3 c6 6. d4 d5 7. Nc3 Bf5 8. Bd3 Bxd3 9. Qxd3 Nbd7 10. O-O Re8 11. e4 dxe4 12. Nxe4 Qc7 13. Rfe1 Rad8 14. Nxf6+ Bxf6 15. Qe2 Nf8 16. Rad1 Ne6 17. d5 Nf4 18. Qd2 Bxb2 19. Qxb2 cxd5 20. cxd5 Nxd5 21. Qd4 Nc3 0-1

[Event "Early-Titled-Tuesday-Blitz-February-13-2024"]
[Site "Chess.com"]
[Date "2024.02.13"]
[Round "5"]
[White "Andrej2004"]
[Black "LiadCuba"]
[Result "0-1"]
[WhiteElo "2588"]
[BlackElo "2471"]
[TimeControl "180+1"]
[EndTime "8:56:01 PST"]
[Termination "LiadCuba won by resignation"]

1. d4 d5 2. c4 e6 3. Nc3 Nf6 4. Nf3 c5 5. cxd5 exd5 6. Bg5 Be6 7. e3 Nbd7 8. Be2 Be7 9. O-O O-O 10. dxc5 Nxc5 11.
Nd4 a6 12. h3 Nfe4 13. Bxe7 Qxe7 14. Nxe4 Nxe4 15. Rc1 Rfc8 16. Qd3 Nd6 17. Bf3 Nc4 18. Qd2 Nxd2 0-1

[Event "Early-Titled-Tuesday-Blitz-February-13-2024"]
[Site "Chess.com"]
[Date "2024.02.13"]
[Round "5"]
[White "Lion-Al-Messi"]
[Black "amylazy"]
[Result "0-1"]
[WhiteElo "2575"]
[BlackElo "2460"]
[TimeControl "180+1"]
[EndTime "8:56:02 PST"]
[Termination "amylazy won by checkmate"]

1. e4 c5 2. Nf3 e6 3. d4 cxd4 4. Nxd4 a6 5. Bd3 Bc5 6. Nb3 Be7 7. O-O d6 8. c4 Nf6 9. Nc3 O-O 10. Be3 Nbd7 11. f4 b6 12. g4 Bb7 13. g5 Ne8 14. h4 Qc7 15. Qe2 Nc5 16. Nxc5 dxc5 17. e5 Rd8 18. Rad1 g6 19. h5 Ng7 20.
hxg6 hxg6 21. Ne4 Nh5 22. Nf6+ Bxf6 23. gxf6 Qc6 24. Qh2 Rxd3 25. Rxd3 Qe4 26. Rfd1 Qf3 27. Bf2 Qg4+ 28. Kf1 Nxf4 29. Rd8 Bg2+ 30. Kg1 Bd5+ 31. Qg3 Qxd1+ 32. Kh2 Qh1# 0-1

[Event "Early-Titled-Tuesday-Blitz-February-13-2024"]
[Site "Chess.com"]
[Date "2024.02.13"]
[Round "5"]
[White "BallottiLuca"]
[Black "HalfIsCrayfish"]
[Result "1-0"]
[WhiteElo "2380"]
[BlackElo "2561"]
[TimeControl "180+1"]
[EndTime "8:56:02 PST"]
[Termination "BallottiLuca won by resignation"]

1. d4 d5 2. c4 e6 3. Nc3 c6 4.
e4 dxe4 5. Nxe4 Bb4+ 6. Bd2 Qxd4 7.
Bxb4 Qxe4+ 8. Ne2 Na6 9. Bf8 Qg6 10. Qd6 Bd7 11. Rd1 Rd8 12. Ng3 Qf6 13. Nh5 1-0

[Event "Early-Titled-Tuesday-Blitz-February-13-2024"]
[Site "Chess.com"]
[Date "2024.02.13"]
[Round "5"]
[White "valorant64"]
[Black "kids2010"]
[Result "0-1"]
[WhiteElo "2612"]
[BlackElo "2831"]
[TimeControl "180+1"]
[EndTime "8:56:04 PST"]
[Termination "kids2010 won by resignation"]

1. e4 c6 2. d4 d5 3. e5 Bf5 4.
Nd2 e6 5. Ngf3 Nd7 6. Nb3 Ne7 7. Bd3 Bxd3 8. Qxd3 Nf5 9. h4 c5 10. dxc5 Bxc5 11. g4 Ne7 12. Nxc5 Nxc5 13. Qb5+ Nd7 14. Qxb7 O-O 15. Qa6 Ng6 16. Qd6 Ndxe5 17. Qxd8 Nxf3+ 18. Ke2 Nd4+ 19. Kd3 Rfxd8 20. Kxd4 Rac8 21. Kd3 Ne5+ 22. Kd2 Nxg4 23. f3 Ne5 0-1

[Event "Early-Titled-Tuesday-Blitz-February-13-2024"]
[Site "Chess.com"]
[Date "2024.02.13"]
[Round "5"]
[White "GM4life"]
[Black "SirGerhard"]
[Result "0-1"]
[WhiteElo "2563"]
[BlackElo "2805"]
[TimeControl "180+1"]
[EndTime "8:56:05 PST"]
[Termination "SirGerhard won by resignation"]

1. d4 Nf6 2. c4 e6 3. Nc3 Bb4 4. e3 O-O 5. Bd3 d5 6. a3 Bxc3+ 7. bxc3 c5 8. cxd5 exd5 9. Ne2 b6 10. O-O Ba6 11.
f3 Re8 12. Bxa6 Nxa6 13. Qd3 Nc7 14. Ng3 Ne6 15. Bb2 Rc8 16. Rae1 cxd4 17. cxd4 Qc7 18. Rc1 Qd7 19. Qa6 g6 20. Rfd1 h5 21. Rxc8 Rxc8 22.
e4 Rc2 23. Ba1 Nf4 24. e5 Rxg2+ 25. Kf1 Qh3 26. Qc8+ Qxc8 0-1

[Event "Early-Titled-Tuesday-Blitz-February-13-2024"]
[Site "Chess.com"]
[Date "2024.02.13"]
[Round "5"]
[White "bubeliang"]
[Black "vi_pranav"]
[Result "0-1"]
[WhiteElo "2845"]
[BlackElo "3049"]
[TimeControl "180+1"]
[EndTime "8:56:11 PST"]
[Termination "vi_pranav won by checkmate"]

1. e4 e5 2. Nc3 Nc6 3. Bc4 Nf6 4. d3 Bc5 5. Nf3 d6 6. O-O h6 7. Be3 Bb6 8. h3 O-O 9. Qd2 Be6 10. Bb3 Ne7 11. d4 exd4 12. Bxd4 Ng6 13. Bxb6 axb6 14. Bxe6 fxe6 15. e5 Nh5 16. exd6 Rxf3 17. gxf3 Nhf4 18. Ne4 Qh4 19. dxc7 Qxh3 20. Qd8+ Rxd8 21. cxd8=Q+ Nf8 22. Qg5 Ne2# 0-1

[Event "Early-Titled-Tuesday-Blitz-February-13-2024"]
[Site "Chess.com"]
[Date "2024.02.13"]
[Round "5"]
[White "ChessQueen"]
[Black "PedroGil25"]
[Result "1-0"]
[WhiteElo "2685"]
[BlackElo "2426"]
[TimeControl "180+1"]
[EndTime "8:56:14 PST"]
[Termination "ChessQueen won by resignation"]

1. Nf3 Nf6 2. g3 g6 3. Bg2 Bg7 4. O-O O-O 5. d4 d6 6. c4 Nbd7 7. Nc3 c6 8. Rb1 e5 9. b4 Re8 10. dxe5 dxe5 11. Ng5 a5 12. b5 Qc7 13. bxc6 bxc6 14.
Ba3 Ba6 15. Bd6 Qa7 16. Bxc6 Rac8 17. Nb5 Bxb5 18. cxb5 Red8 19. Nxf7 1-0

[Event "Early-Titled-Tuesday-Blitz-February-13-2024"]
[Site "Chess.com"]
[Date "2024.02.13"]
[Round "5"]
[White "AttackSparrow"]
[Black "RantomOpening"]
[Result "1-0"]
[WhiteElo "2620"]
[BlackElo "2479"]
[TimeControl "180+1"]
[EndTime "8:56:31 PST"]
[Termination "AttackSparrow won by resignation"]

1. Nf3 e6 2. c4 d5 3. b3 Nf6 4.
Bb2 Be7 5. g3 b6 6. Bg2 Bb7 7.
O-O O-O 8. cxd5 exd5 9. e3 Nbd7 10. Nc3 Nc5 11. d3 Ba6 12. Ne1 c6 13. Ne2 Rc8 14.
Rc1 Qd7 15. Nd4 Ne6 16. Bh3 c5 17. Nf5 Ng5 18. Nh6+ gxh6 19. Bxd7 Nxd7 20. h4 Ne6 21. Qg4+ 1-0

[Event "Early-Titled-Tuesday-Blitz-February-13-2024"]
[Site "Chess.com"]
[Date "2024.02.13"]
[Round "5"]
[White "Onischuk_V"]
[Black "SashaKuzhilniy"]
[Result "1-0"]
[WhiteElo "2791"]
[BlackElo "2591"]
[TimeControl "180+1"]
[EndTime "8:56:42 PST"]
[Termination "Onischuk_V won by resignation"]

1. e4 e5 2. Nf3 Nc6 3. Bc4 Bc5 4.
d3 Nf6 5. O-O O-O 6. Nbd2 d6 7.
c3 a6 8. Bb3 h6 9. h3 Ba7 10. Re1 Re8 11. Bc2 Ne7 12. d4 Ng6 13. Nf1 c6 14. Ng3 Be6 15. Be3 Qc7 16. Qd2 Rad8 17.
Rad1 b5 18. Qc1 c5 19. d5 Bc8 20. Nf5 Bxf5 21. exf5 Ne7 22. Bxh6 Nfxd5 23. Qg5 1-0

[Event "Early-Titled-Tuesday-Blitz-February-13-2024"]
[Site "Chess.com"]
[Date "2024.02.13"]
[Round "5"]
[White "ChristianArca"]
[Black "toog"]
[Result "0-1"]
[WhiteElo "2720"]
[BlackElo "2570"]
[TimeControl "180+1"]
[EndTime "8:56:45 PST"]
[Termination "toog won by resignation"]

1. Nf3 Nf6 2. d4 g6 3. g3 Bg7 4.
Bg2 O-O 5. O-O d6 6. c4 Nc6 7.
d5 Na5 8. Qc2 Bf5 9. Qa4 c5 10.
dxc6 Nxc6 11. Nc3 Rc8 12. Rd1 Qa5 13. Qb3 Qa6 14. Nd4 Bd7 15. Nxc6 Bxc6 16. e4 Nd7 17. Be3 Nc5 18. Bxc5 dxc5 19. Nd5 Rfe8 20. Bh3 e6 21. Nc3 Bxc3 22. Qxc3 Bxe4 23. b3 Qc6 24. Qf6 Qc7 25.
Rd2 Qe7 26. Rad1 Qxf6 0-1

[Event "Early-Titled-Tuesday-Blitz-February-13-2024"]
[Site "Chess.com"]
[Date "2024.02.13"]
[Round "5"]
[White "Der_Balak_3Halak"]
[Black "InadaC"]
[Result "1-0"]
[WhiteElo "2450"]
[BlackElo "2187"]
[TimeControl "180+1"]
[EndTime "8:56:45 PST"]
[Termination "Der_Balak_3Halak won by resignation"]

1. Nf3 Nf6 2. g3 e6 3. Bg2 d5 4. O-O Be7 5. c4 O-O 6. d4 c5 7.
cxd5 Nxd5 8. Nc3 Nf6 9. e4 Nc6 10. d5 Nb4 11. a3 Na6 12. d6 Bxd6 13. e5 Bxe5 14. Nxe5 Qe7 15. Bg5 h6 16. Bxf6 Qxf6 17. Nd7 Bxd7 18. Qxd7 Rab8 19. Bxb7 Rfd8 20. Qc6 Rd2 21.
Qxa6 Rxb2 22. Bg2 Qxc3 23. Qxa7 Qd4 24. a4 Rxf2 25. Qxb8+ 1-0

[Event "Early-Titled-Tuesday-Blitz-February-13-2024"]
[Site "Chess.com"]
[Date "2024.02.13"]
[Round "5"]
[White "giovannibrandao7"]
[Black "SharapovEvgeny"]
[Result "0-1"]
[WhiteElo "2250"]
[BlackElo "2542"]
[TimeControl "180+1"]
[EndTime "8:56:50 PST"]
[Termination "SharapovEvgeny won by resignation"]

1. e4 c5 2. Nf3 d6 3. d4 cxd4 4.
Nxd4 Nf6 5. Nc3 Nc6 6. Be2 e5 7. Nb3 Be7 8. O-O O-O 9. Be3 a5 10. a4 Nb4 11. Qd2 d5 12. exd5 Nfxd5 13. Nxd5 Nxd5 14.
Rad1 Nxe3 15. Qxe3 Qc7 16. Qe4 Be6 17. Rfe1 Rac8 18. Bd3 g6 19. Qxe5 Bd6 20. Qxa5 Bxh2+ 21. Kh1 Qf4 22. g3 Qh6 0-1

[Event "Early-Titled-Tuesday-Blitz-February-13-2024"]
[Site "Chess.com"]
[Date "2024.02.13"]
[Round "5"]
[White "temus_galaktionov"]
[Black "Chesstiger64"]
[Result "1-0"]
[WhiteElo "2889"]
[BlackElo "2324"]
[TimeControl "180+1"]
[EndTime "8:56:58 PST"]
[Termination "temus_galaktionov won by resignation"]

1. d4 d6 2. Nf3 Bg4 3. Nbd2 Nd7 4. h3 Bh5 5. g4 Bg6 6. Bg2 c6 7. Nh4 e5 8. Nxg6 hxg6 9. e3 Ngf6 10. Nc4 Qc7 11. a4 d5 12. Nxe5 Nxe5 13. dxe5 Qxe5 14. Qd4 Qxd4 15. exd4 Bd6 16. Be3 Kd7 17. Kd2 Rae8 18. Kd3 Ne4 19. f3 Nf6 20. Rhe1 Bg3 21. Re2 Re7 22.
Bd2 Rxe2 23. Kxe2 Re8+ 24. Kd3 a6 25. b3 Re6 26. c4 dxc4+ 27. bxc4 Ne8 28. f4 f5 29. d5 cxd5 30. Bxd5 Rb6 31. a5 Rd6 32. Bb4 Bxf4 33. Bxd6 Nxd6 34. c5 Ne4 35. Bxe4 fxe4+ 36. Kxe4 g5 37. Kd5 Bd2 38. Ra2 Bc3 39. Ra3 Bb4 40.
Rb3 Bxa5 41. Rxb7+ Kd8 42. Kd6 Kc8 43. Ra7 1-0

[Event "Early-Titled-Tuesday-Blitz-February-13-2024"]
[Site "Chess.com"]
[Date "2024.02.13"]
[Round "5"]
[White "DvaHrasta"]
[Black "johnmez"]
[Result "1-0"]
[WhiteElo "2490"]
[BlackElo "2283"]
[TimeControl "180+1"]
[EndTime "8:57:02 PST"]
[Termination "DvaHrasta won by resignation"]

1. c4 Nf6 2. g3 c5 3. Bg2 g6 4.
Nc3 Bg7 5. Nf3 O-O 6. O-O d6 7. d4 cxd4 8. Nxd4 a6 9. b3 Qc7 10. Bb2 Nc6 11. Rc1 Nxd4 12. Qxd4 Be6 13. Nd5 Bxd5 14.
cxd5 Qd7 15. Qh4 Rac8 16. Bh3 Rxc1 17. Bxd7 Rxf1+ 18. Kxf1 Nxd7 19. Bxg7 Kxg7 20. Qxe7 Nf6 21. Qxd6 Re8 22. f3 Re3 23. Qc5 Re5 24. e4 Rh5 25. Kg2 1-0

[Event "Early-Titled-Tuesday-Blitz-February-13-2024"]
[Site "Chess.com"]
[Date "2024.02.13"]
[Round "5"]
[White "baki83"]
[Black "vishwa_vijeta"]
[Result "1-0"]
[WhiteElo "2849"]
[BlackElo "2619"]
[TimeControl "180+1"]
[EndTime "8:57:03 PST"]
[Termination "baki83 won by resignation"]

1. e4 c5 2. Nf3 d6 3. Bb5+ Bd7 4. c4 a6 5. Bxd7+ Qxd7 6. O-O Nc6 7. Nc3 Nf6 8. Nd5 Nxd5 9. exd5 Na5 10. d3 g6 11.
Bd2 b6 12. Bc3 Rg8 13. Qd2 Bg7 14. Bxg7 Rxg7 15. Qh6 Kf8 16. Rfe1 Kg8 17. Re3 Re8 18. Rae1 b5 19. b3 e5 20. dxe6 fxe6 21. Ng5 Rge7 22.
h4 e5 23. h5 Qf5 24. Rf3 Qd7 25. hxg6 Rg7 26. Rf7 1-0

[Event "Early-Titled-Tuesday-Blitz-February-13-2024"]
[Site "Chess.com"]
[Date "2024.02.13"]
[Round "5"]
[White "Mr_ruthless"]
[Black "krasavetc"]
[Result "0-1"]
[WhiteElo "2485"]
[BlackElo "2625"]
[TimeControl "180+1"]
[EndTime "8:57:07 PST"]
[Termination "krasavetc won by resignation"]

1. e4 c5 2. Nf3 Nc6 3. d4 cxd4 4. Nxd4 Nf6 5. Nc3 e5 6. Ndb5 d6 7. Bg5 a6 8. Na3 b5 9. Nd5 Be7 10. Bxf6 Bxf6 11. c3 Bg5 12. Be2 Rb8 13. Nc2 O-O 14. g3 Kh8 15. h4 Bh6 16. Bg4 Bb7 17. a4 bxa4 18. Rxa4 Ne7 19. Nxe7 Qxe7 20. O-O Bc6 21. Nb4 Bxa4 22. Qxa4 Qb7 23. Re1 Ra8 24. Bd7 a5 25.
Bc6 axb4 26. Qxa8 Qxa8 0-1